 Dungeon Crawl Stone Soup version 0.31.0-11-ge490571c62 (webtiles) character file.

Game seed: 7701493851090951597

53 karkarkar the Trooper (level 3, 0/33 HPs)
             Began as a Minotaur Fighter on Jan 30, 2024.
             Killed by nerve-wracking pain
             ... invoked by an orc priest
              (10 damage)
             ... on level 3 of the Dungeon.
             The game lasted 00:02:48 (768 turns).

karkarkar the Trooper (Minotaur Fighter)             Turns: 768, Time: 00:02:49

Health: 0/33       AC:  7    Str: 22    XL:     3   Next: 64%
Magic:  2/2        EV:  9    Int:  5    God:
Gold:   40         SH:  4    Dex:  9    Spells: 2/2 levels left

rFire   . . .        a - +0 war axe (chaos)
rCold   . . .        c - +0 buckler
rNeg    . . .        b - +0 scale mail
rPois   .            (helmet restricted)
rElec   .            (no cloak)
rCorr   .            (no gloves)
SInv    .            (no boots)
Will    .....        (no amulet) Stlth
                     (no ring)
HPRegen 0.25/turn    (no ring)
MPRegen 0.08/turn

%: no passive effects
@: no status effects
A: horns 2, retaliatory headbutt
a: no special abilities


You were on level 3 of the Dungeon.
You visited 1 branch of the dungeon, and saw 3 of its levels.

You collected 40 gold pieces.

Inventory:

Hand Weapons
 a - a +0 war axe of chaos (weapon)
Armour
 b - a +0 scale mail (worn)
 c - a +0 buckler (worn)
Scrolls
 f - 2 scrolls of identify {unknown}
 g - 3 scrolls of brand weapon
 i - a scroll of noise {unknown}
Potions
 d - a potion of might
 h - a potion of mutation {unknown}
 j - a potion of degeneration {unknown}


   Skills:
 + Level 4.2 Fighting
 * Level 4.1 Axes
 - Level 3.8 Armour
 - Level 3.7 Shields


You had 2 spell levels left.
You didn't know any spells.
Your spell library contained the following spells:

 Spells                   Type           Power      Damage    Failure   Level
 Animate Dead             Necr           0%         N/A       100%        4
 Borgnjor's Vile Clutch   Necr/Erth      0%         N/A       100%        5
 Death Channel            Necr           0%         N/A       100%        6


Dungeon Overview and Level Annotations

Branches:
Dungeon (3/15)

Altars:

Annotations:
D:2 Robin, Sigmund


Innate Abilities, Weirdness & Mutations

You have a pair of horns on your head.
You reflexively headbutt those who attack you in melee.


Message History

You see here a +0 long sword. 3 orc priests come into view.
Found a pair of boots.
The orc priest shouts! x2
The orc priest invokes the aid of Beogh against you.
Beogh smites you!
The orc priest moves out of view. x2
The orc priest mumbles some strange prayers to Beogh against you.
Beogh smites you!
You are too injured to fight recklessly!
You are too injured to fight recklessly!
You are too injured to fight recklessly!
Unknown command.
The orc priest mumbles some strange prayers to Beogh against you.
Pain shoots through your body!
As you read the scroll labelled REXTELLEONE, it crumbles to dust.
It is a scroll of brand weapon.
Your +0 war axe erupts in a glittering mayhem of colour.
a - a +0 war axe of chaos (weapon)
Unknown command.
You are too injured to fight recklessly!
You are too injured to fight recklessly!
You are too injured to fight recklessly!
Unknown command.
You slash the orc priest! You freeze the orc priest.
The orc priest is almost dead.
The orc priest hits you but does no damage.
The orc priest closely misses you.
You closely miss the orc priest. Your headbutt misses the orc priest.
The orc priest is almost dead.
You hit the orc priest.
The orc priest calls upon Beogh to heal the orc priest.
The orc priest's wounds heal themselves!
The orc priest hits you with a +0 flail.
You slash the orc priest!
You kill the orc priest!
You hit the orc priest but do no damage.
The orc priest appears confused.
The orc priest invokes the aid of Beogh against you.
Pain shoots through your body!
You die...

#. #.## # ####....##
#.......o .# #######
#.##..#.##..# #######.....##
#.##....[.o.# )...##....)..#
#.##.....#
###.##..###..###@# #.# .#
###.##..#.....o.)###.#..##.#
.........†#..##.o..oo.......
.##.##.)###..##.############
.##.##.......##......#
....##.......#######.#
.##.########## .##.# ....#


You could see 2 orc priests.

Vanquished Creatures
  An orc priest (D:3)
  An adder (D:3)
  A dart slug (D:1)
  2 ball pythons (D:1)
  5 endoplasms
  A giant cockroach (D:1)
  13 goblins
  5 hobgoblins
  2 bats (D:1)
  A frilled lizard (D:1)
  4 kobolds
  4 rats (D:1)
40 creatures vanquished.

Notes
Turn   | Place    | Note
-------+----------+-------------------------------------------
     0 | D:1      | karkarkar the Minotaur Fighter began the quest for the Orb.
     0 | D:1      | Reached XP level 1. HP: 19/19 MP: 0/0
   153 | D:1      | Reached XP level 2. HP: 22/27 MP: 1/1
   597 | D:2      | Noticed Sigmund
   602 | D:2      | Reached XP level 3. HP: 33/33 MP: 2/2
   627 | D:2      | Noticed Robin
   768 | D:3      | Killed from afar by an orc priest

Illustrated notes

Levels and vault maps discovered:
D:1:      reono_arrival_mine, layout_basic
D:2:      mumra_celtic_spiral_tile, layout_rooms, uniq_robin, uniq_natasha,
          uniq_sigmund
D:3:      layout_loops_cross, minmay_parallelograms, uniq_pargi

Skill      XL: |  1  2  3 |
---------------+----------+-----
Fighting       | 4 |  4.2
Axes           | 3 4 |  4.1
Armour         | |  3.8
Shields        | |  3.7

Action                     || total
---------------------------++-------
  Melee: War axe           ||    68
         Headbutt          ||    11
    Use: Scroll            ||     3
 Armour: Scale mail        ||    68
  Dodge: Dodged            ||    54
  Block: Buckler           ||    18
